 Dungeon Crawl Stone Soup version 0.21.1-1-g345015f (webtiles) character file.

171 inc the Chiller (level 5, -9/31 HPs)
             Began as an Octopode Ice Elementalist on June 17, 2018.
             Blown up by Ijyb (19 damage)
             ... with a wand of disintegration (10)
             ... on level 3 of the Dungeon.
             The game lasted 00:06:37 (3193 turns).

inc the Chiller (Octopode Ice Elementalist)         Turns: 3193, Time: 00:06:38

Health: -9/31      AC: 14    Str:  7    XL:     5   Next: 51%
Magic:  2/8        EV: 12    Int: 18    God:
Gold:   99         SH:  0    Dex: 13    Spells: 4/8 levels left

rFire    . . .     SeeInvis .   m - +2 dagger (protect)
rCold    . . .     Gourm    .   (no shield)
rNeg     . . .     Faith    .   (helmet restricted)
rPois    .         Spirit   .   p - amulet of rage
rElec    .         Reflect  .   n - +6 ring of protection
rCorr    .         Harm     .   (no ring)
MR       .....                  (no ring)
Stlth    +++.......             (no ring)
HPRegen  0.10/turn              (no ring)
MPRegen  0.11/turn              (no ring)
                                (no ring)
                                (no ring)

@: protection aura, berserk cooldown, very slightly contaminated, hasted and
slowed, heavily drained
A: almost no armour, stealthy swim, amphibious, 8 rings, constrict 8, camouflage
1, gelatinous body 1
a: Evoke Berserk Rage


You were on level 3 of the Dungeon.
You were not hungry.

You visited 1 branch of the dungeon, and saw 3 of its levels.

You collected 99 gold pieces.

Inventory:

Hand Weapons
 g - a +1 dagger of flaming
 k - a -2 short sword
 m - a +2 dagger of protection (weapon)
Jewellery
 e - an uncursed amulet of harm
 n - a +6 ring of protection (left tentacle)
 p - an amulet of rage (around mantle)
Scrolls
 b - 2 scrolls of enchant weapon
 l - 3 scrolls of identify
 o - a scroll of amnesia
 q - a scroll of enchant armour {unknown}
 r - 3 scrolls of teleportation
Potions
 d - a potion of brilliance {unknown}
 f - 2 potions of haste
 h - a potion of degeneration
 i - a potion of ambrosia
 j - a potion of curing {unknown}
 s - a potion of lignification {unknown}
Books
 a - a book of Frost

   Spells                             Type                      Level
   a - Freeze                         Ice                          1
   b - Throw Frost                    Conjuration/Ice              2
   c - Ozocubu's Armour               Charms/Ice                   3
   d - Throw Icicle                   Conjuration/Ice              4
   e - Summon Ice Beast               Ice/Summoning                4
Comestibles
 c - 4 rations


   Skills:
 + Level 1.1(0.0) Short Blades
 - Level 2.0(0.7) Dodging
 - Level 2.6(1.4) Stealth
 - Level 2.0(0.7) Spellcasting
   Level 1.0(0.0) Conjurations
 - Level 5.6(4.3) Ice Magic
 + Level 1.1(0.0) Evocations


You had 4 spell levels left.
You knew the following spells:

 Your Spells              Type           Power        Failure   Level  Hunger
a - Freeze                Ice            ###.         3%          1    ##.....
b - Ozocubu's Armour      Chrm/Ice       #.......     26%         3    ####...


Dungeon Overview and Level Annotations

Branches:
Dungeon (3/15)

Altars:
Trog

Annotations:
D:3 Ijyb


Innate Abilities, Weirdness & Mutations

You cannot wear most types of armour.
You are very stealthy in the water. (Stealth+)
You are amphibious.
You can wear up to eight rings at the same time.
You can use your tentacles to constrict eight enemies at once.
Your skin changes colour to match your surroundings (Stealth+).
Your rubbery body absorbs attacks. (AC +1, EV +1)


Message History

Unknown command.
You're still recovering from your berserk rage.
You're still recovering from your berserk rage.
You hit Ijyb.
Your weapon exudes an aura of protection.
Your grab misses Ijyb.
Ijyb is lightly wounded.
Ijyb zaps a wand.
You are blasted!
Ijyb zaps a wand.
You are blasted!
* * * LOW HITPOINT WARNING * * *
Unknown command.
It was a potion of haste.
You feel yourself speed up. Ijyb completely misses you.
You hit Ijyb. Your grab misses Ijyb.
Ijyb is lightly wounded.
Ijyb hits you but does no damage.
Unknown command.
Okay, then.
Ijyb zaps a wand.
You are blasted!
Ouch! That really hurt!
You die...

....############.#
..... #.# ......
#.# ....... #.#
....... #.# # #.#
.##. #.# ..... #.#
......##@#
......g..#
......#### .....
.###


You could see Ijyb.

Vanquished Creatures
  An orc priest (D:3)
  A worker ant (D:2)
  3 adders (D:2)
  A worm (D:2)
  4 dart slugs
  3 leopard geckos
  4 orcs (D:3)
  10 bats
  5 giant cockroaches
  12 goblins
  7 hobgoblins
  3 jackals (D:2)
  A quokka (D:3)
  A frilled lizard (D:2)
  8 kobolds
  7 rats
71 creatures vanquished.

Notes
Turn   | Place    | Note
-------+----------+-------------------------------------------
     0 | D:1      | inc the Octopode Ice Elementalist began the quest for the Orb.
     0 | D:1      | Reached XP level 1. HP: 11/11 MP: 3/3
   170 | D:1      | Reached XP level 2. HP: 17/17 MP: 0/5
   647 | D:1      | Reached skill level 4 in Ice Magic
   728 | D:1      | Reached XP level 3. HP: 21/21 MP: 4/6
  1309 | D:2      | Reached XP level 4. HP: 25/27 MP: 1/7
  1501 | D:2      | Reached skill level 5 in Ice Magic
  2133 | D:2      | Found a bloodstained altar of Trog.
  2154 | D:2      | Learned a level 3 spell: Ozocubu's Armour
  2554 | D:2      | Reached XP level 5. HP: 30/31 MP: 8/8
  3166 | D:3      | Reached skill level 1 in Short Blades
  3166 | D:3      | Reached skill level 1 in Evocations
  3187 | D:3      | Noticed Ijyb
  3193 | D:3      | Blown up by Ijyb

Skill      XL: |  1  2  3  4  5 |
---------------+----------------+-----
Ice Magic      | 4 5 |  5.6
Short Blades   | 1 |  1.1
Evocations     | 1 |  1.1
Dodging        | |  2.0
Stealth        | |  2.6
Spellcasting   | |  2.0
Conjurations   | |  1.0

Action                   |  1- 3 |  4- 6 || total
-------------------------+-------+-------++-------
Melee: Unarmed           |    24 |     8 ||    32
       Tentacles         |     7 |     7 ||    14
       Constrict         |     8 |    21 ||    29
       Dagger            |       |    43 ||    43
       Short sword       |       |    10 ||    10
 Cast: Freeze            |    32 |    38 ||    70
       Ozocubu's Armour  |       |     1 ||     1
 Abil: Evoke Berserk Rag |       |     1 ||     1
  Use: Scroll            |       |     7 ||     7
       Potion            |       |     1 ||     1
 Stab: Sleeping          |     6 |     6 ||    12
  Eat: Chunk             |     1 |     6 ||     7
       Ration            |       |     1 ||     1
Armor: Skin              |     9 |    12 ||    21
Dodge: Dodged            |    38 |    52 ||    90
